 Dungeon Crawl Stone Soup version 0.24.0-29-g8ce449bc06 (webtiles) character file.

Game seed: 7081510067914680366, levelgen mode: deterministic

1310399 Inarius the Axe Maniac (level 27, -16/271 (273) HPs)
             Began as a Hill Orc Fighter on Nov 10, 2019.
             Was the Champion of Makhleb.
             Demolished by a death scarab (17 damage)
             ... on level 1 of the Tomb of the Ancients on Nov 15, 2019.
             The game lasted 03:29:19 (74031 turns).

Inarius the Axe Maniac (Hill Orc Fighter)          Turns: 74031, Time: 03:29:20

HP:   -16/271 (273) AC: 62    Str: 31    XL:     27
MP:   45/45         EV: 11    Int: 20    God:    Makhleb [******]
Gold: 9361          SH: 32    Dex: 14    Spells: 46/62 levels left

rFire    + + +     SeeInvis .   w - +18 lance "Wyrmbane" {slay drac, rPois rF+ rC+ AC+3}
rCold    + + +     Gourm    .   V - +0 large shield {reflect}
rNeg     + + +     Faith    .   m - +10 gold dragon scales
rPois    ∞         Spirit   .   Q - +2 helmet of the Thoughtful Shrikes {rPois Regen+ Str-3 Int+5}
rElec    .         Reflect  +   P - +4 dragonskin cloak
rCorr    .         Harm     .   b - +0 pair of gloves "Hangem" {Dex+2}
MR       ++++.     Rnd*Tele +   A - +0 pair of boots "Kenechid" {rF+ rN+}
Stlth    ..........             G - amulet of Piops {rC- rN+ MR+ Regen+ Str+2}
HPRegen  0.95/turn              c - ring of Cuoxel {rPois rF++ Str+4 Dex+2}
MPRegen  0.29/turn              W - ring "Izazot" {rC+ rN+ Str-4 Int+2 Slay+4}

@: brilliant, lich-form, slowed, very slow
A: large bone plates 1, slimy green scales 1, mutation resistance 1, poison
resistance, teleportitis 1, MP-powered wands
}: 14/15 runes: serpentine, barnacled, slimy, silver, iron, obsidian, icy, bone,
abyssal, demonic, glowing, magical, fiery, dark
a: End Transformation, Minor Destruction, Lesser Servant of Makhleb, Major
Destruction, Greater Servant of Makhleb, Renounce Religion


You were on level 1 of the Tomb of the Ancients.
You worshipped Makhleb.
Makhleb was exalted by your worship.
You were not hungry.
You were a lich.
You visited 17 branches of the dungeon, and saw 86 of its levels.
You visited Pandemonium 1 time, and saw 19 of its levels.
You visited the Abyss 3 times.
You visited 1 bazaar.
You also visited: Ossuary, Gauntlet, Ice Cave and Wizlab.

You collected 13823 gold pieces.
You spent 4462 gold pieces at shops.

Inventory:

Hand Weapons
 a - the +12 broad axe of a treasure trove {holy, Str+8}
   (You acquired it on level 10 of the Dungeon)

   It has been blessed by the Shining One to cause great damage to the undead
   and demons.
   It affects your strength (+8).
 w - the +18 lance "Wyrmbane" (weapon) {slay drac, rPois rF+ rC+ AC+3}
   (You found it on level 2 of the Snake Pit)

   It affects your AC (+3).
   It protects you from fire.
   It protects you from cold.
   It protects you from poison.
Armour
 b - the +0 pair of gloves "Hangem" (worn) {Dex+2}
   (You found it on level 3 of the Depths)

   It affects your dexterity (+2).
 m - +10 gold dragon scales (worn)
 A - the +0 pair of boots "Kenechid" (worn) {rF+ rN+}
   (You found it in a Gauntlet)

   It protects you from fire.
   It protects you from negative energy.
 N - the +1 pair of gloves "Tutein" {-Cast +Fly Str+5 SInv}
   (You found it on level 3 of the Elven Halls)

   It affects your strength (+5).
   It lets you see invisible.
   It lets you fly.
   It prevents spellcasting.
 P - the +4 dragonskin cloak (worn)
   (You took it off Tiamat on level 4 of the Realm of Zot)
 Q - the +2 helmet of the Thoughtful Shrikes (worn) {rPois Regen+ Str-3 Int+5}
   (You bought it in a shop on level 2 of the Orcish Mines)

   It affects your strength (-3).
   It affects your intelligence (+5).
   It protects you from poison.
   It increases your rate of regeneration.
 V - a +0 large shield of reflection (worn)
 X - a scarf of spirit shield
Jewellery
 c - the ring of Cuoxel (left hand) {rPois rF++ Str+4 Dex+2}
   (You bought it in a shop on level 1 of the Vaults)

   [ring of poison resistance]

   It affects your strength (+4).
   It affects your dexterity (+2).
   It greatly protects you from fire.
   It protects you from poison.
 p - the amulet of Grace {RegenMP -Tele rElec rPois rN++}
   (You found it on level 2 of the Snake Pit)

   [amulet of magic regeneration]

   It increases your magic regeneration.
   It insulates you from electricity.
   It protects you from poison.
   It greatly protects you from negative energy.
   It prevents most forms of teleportation.
 t - the amulet of Roiteufo {-Tele rN+ Regen+ Int+4}
   (You took it off a merfolk on level 4 of the Shoals)

   [amulet of regeneration]

   It affects your intelligence (+4).
   It protects you from negative energy.
   It prevents most forms of teleportation.
   It increases your rate of regeneration.
 D - a +5 amulet of reflection
 G - the amulet of Piops (around neck) {rC- rN+ MR+ Regen+ Str+2}
   (You bought it in a shop on level 1 of the Vaults)

   [amulet of regeneration]

   It affects your strength (+2).
   It makes you vulnerable to cold.
   It protects you from negative energy.
   It affects your resistance to hostile enchantments.
   It increases your rate of regeneration.
 T - the ring "Tylaof" {rC+ MP+9}
   (You found it on level 7 of the Iron City of Dis)

   [ring of protection from cold]

   It protects you from cold.
   It affects your magic capacity (+9).
 W - the ring "Izazot" (right hand) {rC+ rN+ Str-4 Int+2 Slay+4}
   (You found it on level 3 of the Crypt)

   [ring of positive energy]

   It affects your strength (-4).
   It affects your intelligence (+2).
   It affects your accuracy and damage with ranged weapons and melee attacks
   (+4).
   It protects you from cold.
   It protects you from negative energy.
Wands
 e - a wand of digging (15)
 i - a wand of scattershot (19)
 v - a wand of disintegration (31)
 y - a wand of enslavement (32)
 F - a wand of iceblast (28)
 J - a wand of acid (57)
 L - a wand of clouds (18)
 M - a wand of paralysis (30)
Scrolls
 g - 44 scrolls of remove curse
 j - 22 scrolls of teleportation
 k - 6 scrolls of fear
 n - 4 scrolls of fog
 q - 9 scrolls of blinking
 x - 2 scrolls of magic mapping
 B - 3 scrolls of enchant weapon
 E - 22 scrolls of identify
 H - a scroll of holy word
 U - 4 scrolls of silence
Potions
 h - 4 potions of haste
 l - 2 potions of cancellation
 r - 4 potions of mutation
 s - 4 potions of ambrosia
 u - 15 potions of heal wounds
 C - 8 potions of flight
 I - 27 potions of curing
 O - 2 potions of resistance
 R - 11 potions of might
 S - 4 potions of agility
 Y - 4 potions of magic
 Z - 7 potions of brilliance
Miscellaneous
 d - 4 sacks of spiders
 o - 7 boxes of beasts
 z - a lamp of fire
 K - 6 phantom mirrors
Comestibles
 f - 119 rations


   Skills:
 O Level 27 Fighting
 O Level 27 Axes
 - Level 19.2(23.6) Polearms
 - Level 2.6 Throwing
 O Level 27 Armour
 - Level 6.2 Dodging
 - Level 3.6 Stealth
 O Level 27 Shields
 - Level 3.1 Unarmed Combat
 - Level 18.2 Spellcasting
 - Level 16.9 Necromancy
 + Level 14.0 Transmutations
 - Level 11.6 Fire Magic
 O Level 27 Invocations
 - Level 13.6 Evocations


You had 46 spell levels left.
You knew the following spells:

 Your Spells              Type           Power        Failure   Level  Hunger
a - Ignition              Fire           ######....   58%         8    N/A
b - Necromutation         Tmut/Necr      #######...   17%         8    N/A

Your spell library contained the following spells:

 Spells                   Type           Power        Failure   Level  Hunger
 Animate Skeleton         Necr           N/A          0%          1    N/A
 Corpse Rot               Necr           N/A          0%          2    N/A
 Sublimation of Blood     Necr           #######...   0%          2    N/A
 Apportation              Tloc           ####..       1%          1    N/A
 Beastly Appendage        Tmut           ######       1%          1    N/A
 Confusing Touch          Hex            ####..       1%          1    N/A
 Corona                   Hex            ####...      1%          1    N/A
 Flame Tongue             Conj/Fire      #####        1%          1    N/A
 Freeze                   Ice            ####         1%          1    N/A
 Magic Dart               Conj           ####         1%          1    N/A
 Sandblast                Erth           ####..       1%          1    N/A
 Shock                    Conj/Air       ####         1%          1    N/A
 Summon Butterflies       Summ           ####....     1%          1    N/A
 Summon Small Mammal      Summ           ####         1%          1    N/A
 Passwall                 Tmut/Erth      ######..     1%          2    N/A
 Throw Flame              Conj/Fire      ######       1%          2    N/A
 Conjure Flame            Conj/Fire      ######..     1%          3    N/A
 Ignite Poison            Fire/Tmut/Pois ######..     1%          3    N/A
 Inner Flame              Hex/Fire       ######..     1%          3    N/A
 Regeneration             Chrm/Necr      #######...   1%          3    N/A
 Spider Form              Tmut/Pois      ######....   1%          3    N/A
 Vampiric Draining        Necr           #######...   1%          3    N/A
 Animate Dead             Necr           N/A          1%          4    N/A
 Ice Form                 Ice/Tmut       ######..     1%          4    N/A
 Petrify                  Tmut/Erth      ######..     1%          4    N/A
 Sticky Flame             Conj/Fire      ######..     1%          4    N/A
 Borgnjor's Vile Clutch   Necr/Erth      #######...   1%          5    N/A
 Dispel Undead            Necr           #######.     1%          5    N/A
 Excruciating Wounds      Chrm/Necr      #######...   1%          5    N/A
 Hydra Form               Tmut           ######....   1%          6    N/A
 Blink                    Tloc           N/A          2%          2    N/A
 Call Imp                 Summ           ####....     2%          2    N/A
 Ensorcelled Hibernation  Hex/Ice        ####..       2%          2    N/A
 Poisonous Vapours        Pois/Air       ####..       2%          2    N/A
 Searing Ray              Conj           ####..       2%          2    N/A
 Shroud of Golubria       Chrm/Tloc      ####..       2%          2    N/A
 Slow                     Hex            ####....     2%          2    N/A
 Swiftness                Chrm/Air       ####....     2%          2    N/A
 Throw Frost              Conj/Ice       ####..       2%          2    N/A
 Alistair's Intoxication  Tmut/Pois      ######..     2%          5    N/A
 Irradiate                Conj/Tmut      ######....   2%          5    N/A
 Yara's Violent Unravell  Hex/Tmut       ######....   2%          5    N/A
 Fireball                 Conj/Fire      ######....   4%          5    N/A
 Dragon Form              Tmut           ######....   4%          7    N/A
 Call Canine Familiar     Summ           ####....     5%          3    N/A
 Confuse                  Hex            ####....     5%          3    N/A
 Dazzling Spray           Conj/Hex       ####..       5%          3    N/A
 Gell's Gravitas          Tloc           ####......   5%          3    N/A
 Lesser Beckoning         Tloc           ####......   5%          3    N/A
 Mephitic Cloud           Conj/Pois/Air  ####....     5%          3    N/A
 Ozocubu's Armour         Chrm/Ice       ####....     5%          3    N/A
 Portal Projectile        Hex/Tloc       ####..       5%          3    N/A
 Recall                   Summ/Tloc      N/A          5%          3    N/A
 Static Discharge         Conj/Air       ####....     5%          3    N/A
 Stone Arrow              Conj/Erth      ####..       5%          3    N/A
 Summon Guardian Golem    Hex/Summ       ####....     5%          3    N/A
 Teleport Other           Tloc           ####....     5%          3    N/A
 Tukima's Dance           Hex            ####....     5%          3    N/A
 Simulacrum               Ice/Necr       #######...   8%          6    N/A
 Bolt of Magma            Conj/Fire/Erth #####.....   10%         5    N/A
 Borgnjor's Revivificati  Necr           #######...   11%         8    N/A
 Infestation              Necr           #######...   11%         8    N/A
 Statue Form              Tmut/Erth      ######...    13%         6    N/A
 Airstrike                Air            ####......   16%         4    N/A
 Cause Fear               Hex            ####......   16%         4    N/A
 Force Lance              Conj/Tloc      ####....     16%         4    N/A
 Fulminant Prism          Conj/Hex       ####......   16%         4    N/A
 Iskenderun's Mystic Bla  Conj           ####....     16%         4    N/A
 Leda's Liquefaction      Hex/Erth       ####......   16%         4    N/A
 Passage of Golubria      Tloc           N/A          16%         4    N/A
 Summon Ice Beast         Ice/Summ       ####....     16%         4    N/A
 Summon Lightning Spire   Summ/Air       ####....     16%         4    N/A
 Throw Icicle             Conj/Ice       ####....     16%         4    N/A
 Bolt of Fire             Conj/Fire      ######....   22%         6    N/A
 Haunt                    Necr/Summ      #######...   34%         7    N/A
 Lee's Rapid Deconstruct  Erth           ####......   36%         5    N/A
 Lightning Bolt           Conj/Air       ####......   36%         5    N/A
 Metabolic Englaciation   Hex/Ice        ####......   36%         5    N/A
 Silence                  Hex/Air        ####......   36%         5    N/A
 Summon Forest            Summ/Tloc      ####......   36%         5    N/A
 Summon Mana Viper        Hex/Summ       ####....     36%         5    N/A
 Ring of Flames           Chrm/Fire      ######....   67%         7    N/A
 Bolt of Cold             Conj/Ice       ####......   86%         6    N/A
 Conjure Ball Lightning   Conj/Air       ####......   86%         6    N/A
 Darkness                 Hex            ####......   86%         6    N/A
 Deflect Missiles         Chrm/Air       ####......   86%         6    N/A
 Dispersal                Tloc           ####......   86%         6    N/A
 Freezing Cloud           Conj/Ice/Air   ####......   86%         6    N/A
 Invisibility             Hex            ####....     86%         6    N/A
 Iron Shot                Conj/Erth      ####......   86%         6    N/A
 Shadow Creatures         Summ           N/A          86%         6    N/A
 Death's Door             Chrm/Necr      #######...   91%         8    N/A
 Malign Gateway           Summ/Tloc      ####......   100%        7    N/A
 Monstrous Menagerie      Summ           ####......   100%        7    N/A
 Summon Greater Demon     Summ           ####......   100%        7    N/A
 Summon Hydra             Summ           ####......   100%        7    N/A
 Controlled Blink         Tloc           N/A          100%        8    N/A
 Discord                  Hex            ####......   100%        8    N/A
 Disjunction              Tloc           ####......   100%        8    N/A
 Summon Horrible Things   Summ           ####......   100%        8    N/A
 Shatter                  Erth           ####......   100%        9    N/A
 Tornado                  Air            ####......   100%        9    N/A

Dungeon Overview and Level Annotations

Branches:
Dungeon (15/15)            Temple (0/1) D:6            Lair (6/6) D:9
 Shoals (4/4) Lair:3        Snake (4/4) Lair:4        Slime (5/5) Lair:5
    Orc (2/2) D:12            Elf (3/3) Orc:2        Vaults (5/5) D:14
  Crypt (3/3) Vaults:3       Tomb (1/3) Crypt:3      Depths (5/5) D:15
   Hell (visited)             Dis (7/7) Hell            Geh (7/7) Hell
    Coc (7/7) Hell            Tar (7/7) Hell            Zot (4/5) Depths:5
Ossuary (visited)           IceCv (visited)          WizLab (visited)
Gauntlet (visited)

Altars:
Ashenzari
Cheibriados
Dithmenos
Gozag
Hepliaklqana
Kikubaaqudgha
Makhleb
Nemelex Xobeh
Okawaru
Ru
Sif Muna
Trog
Uskayaw
Vehumet
Xom
Yredelemnul
Zin
The Shining One
Beogh
Jiyva

Shops:
D:6 :   D:13 %*   Orc:2 [(?:   Elf:1 *   Elf:2 *   Vaults:1 =?=   Vaults:2 *
Vaults:3 ?}}!   Vaults:5 [   Depths:1 *%(

Portals:
Hell: Depths:1 Depths:2 Depths:3 Depths:4 Depths:5
Abyss: Depths:3 Depths:4
Pandemonium: Depths:1 Depths:3 Depths:5
Ziggurat: Depths:1

Annotations:
Lair:6 exclusion: 4 oklob plants


Innate Abilities, Weirdness & Mutations

You are partially covered in large bone plates. (SH +4)
You are partially covered in slimy green scales. (AC +2)
You are somewhat resistant to further mutation.
Your system is resistant to poisons. (rPois)
You are occasionally teleported next to monsters.
You expend magic power (3 MP) to strengthen your wands.


Message History

The flying skull disappears in a puff of smoke!
The death scarab completely misses you. You block the death scarab's attack. x4
The orange demon stings you but does no damage.
The phantasmal warrior barely misses you.
The death scarab bites you but does no damage.
The ancient lich touches you but does no damage.
You sense that the amulet cannot attune itself to your injured body.
G - the amulet of Piops (around neck) {rC- rN+ MR+ Regen+ Str+2} The spectral dire elephant disappears in a puff of smoke!
The flying skull disappears in a puff of smoke!
You block the death scarab's attack. x3
The Hell Sentinel gestures at you. The iron shot hits you!!!
* * * LOW HITPOINT WARNING * * *
You block the Ice Fiend's attack.
The Ice Fiend claws you but does no damage.
The phantasmal warrior blinks!
The mummy priest prays to its god.
The death scarab bites you!
You die...

*,,*,,,,,,,,,,,,,,,,,*,,*,,,,*,,*
*,,*,,,,,..........,,*,,*,,,,*,,*
*,,*,,,,,.........5,,*,,**++**,,*
*,,*,,*,,..^..MZz§#,,*,,*,,,,*,,*
*,,*,,*,,....55Z33#,,*,,*,,,,*,,*
*,,*,,*,,8...WV8M1#,,*,,*,,,8*,,*
,,,*,,*,,...WZMz3W#,,*,,,,,,,*,,*
,,,*,,*,,....Wz1sL#,,*,,,,,,,*,,*
,,,*,,*,,8...Zz8Ls#,,*,,,,,,,*,,*
*,,*,,*,,....Ws1sW#,,*,,*,,,8*,,*
*,,*,,*,......4Mss#,,*,,*,,,,*,,*
*,,*,,*^.8.....8s.#,,*,,*,,,,*,,*
*,,*,,#.^.........#,,*,,**++**,,*
*,,*,,#.^.........#,,*,,*,,,,*,,*
*,,*,,#..8.^...8..#,,*,,*,,,,*,,*
*,,,,,#...........#,,,,,*,,,,*,,*
*,,,,,*......^....#,,,,,*,,,,*,,*


You could see a greater mummy, a Hell Sentinel, 2 emperor scorpions, an ancient
lich, a Brimstone Fiend, an Ice Fiend, 2 mummy priests, 2 sun demons, an orange
demon, 2 phantasmal warriors, a spectral frost giant, a spectral titan, a hungry
ghost, a ynoxinul, a vampire, 2 wraiths, 5 death scarabs, a shadow, 2 flying
skulls, a mummy, 2 wights, a snapping turtle simulacrum, 2 ufetubi and a fire
dragon skeleton.

Vanquished Creatures
  Antaeus (Coc:7)
  Asmodeus (Geh:7)
  the Royal Jelly (Slime:5)
  Ereshkigal (Tar:7)
  Gloorx Vloq (Pan)
  the Serpent of Hell (Geh:7)
  4 pandemonium lords (Pan)
  Lom Lobon (Pan)
  Mnoleg (Pan)
  Dispater (Dis:7)
  An orb of fire (Zot:1)
  Tiamat (Zot:4)
  Mara (Depths:2)
  2 ancient liches
  A juggernaut (Depths:4)
  A greater mummy (Tomb:1)
  14 shard shrikes
  2 curse toes
  Geryon (Hell)
  19 golden dragons
  Nikola (Lair:4)
  16 Tzitzimimeh
  23 bone dragons
  15 Brimstone Fiends
  12 iron giants
  3 electric golems
  10 doom hounds
  29 tentacled monstrosities
  16 Hell Sentinels
  14 Ice Fiends
  Rupert (D:14)
  13 liches
  10 titans
  2 quicksilver dragons
  A deep elf master archer (Elf:3)
  3 deep elf blademasters (Elf:2)
  Murray (Depths:3)
  2 eldritch tentacles
  21 acid blobs
  19 Executioners
  3 tentacled starspawn
  19 sphinxes
  25 ancient champions
  8 death cobs
  17 storm dragons
  Frances (D:14)
  Gastronok (Lair:2)
  14 nagarajas
  35 shadow dragons
  A thorn hunter (Abyss:3)
  Roxanne (Snake:2)
  15 tengu reavers
  4 draconian monks
  14 azure jellies
  6 revenants
  3 draconian knights
  9 fire giants
  14 frost giants
  18 iron dragons
  Aizul (Shoals:1)
  Louise (Snake:4)
  10 deep elf sorcerers
  4 ghost moths
  4 draconian scorchers
  19 cacodemons
  10 ghouls
  8 draconian shifters
  14 ironheart preservers
  8 warmongers (Pan)
  25 balrugs
  15 vault wardens
  An angel (Depths:1)
  4 deep elf elementalists
  63 reapers
  3 curse skulls
  5 draconian stormcallers
  2 spriggan defenders
  8 draconian annihilators
  3 elemental wellsprings (Coc:7)
  12 war gargoyles
  20 very ugly things
  27 stone giants
  5 deep elf demonologists (Elf:3)
  The ghost of Taxzan the Cleaver, a journeyman MiGl of Okawaru (Lair:2)
  7 blood saints (Pan)
  10 vampire knights
  3 black suns (Pan)
  6 green draconians
  16 lorocyprocas
  10 deep elf annihilators
  10 corrupters (Pan)
  8 yellow draconians
  4 black draconians
  10 white draconians
  A minotaur (Gauntlet)
  12 purple draconians
  8 red draconians
  3 spark wasps (Depths:5)
  2 eidola
  15 ettins
  An orange crystal statue (WizLab)
  8 merfolk javelineers
  3 green deaths
  10 deep elf death magi
  26 blizzard demons
  15 fire dragons
  Josephine (D:10)
  A mummy priest (Tomb:1)
  5 quicksilver dragon zombies
  7 death oozes
  11 great orbs of eyes
  6 deep elf high priests
  5 merfolk impalers
  22 yaktaur captains
  16 jiangshi
  28 vault guards
  6 quicksilver dragon skeletons
  5 spriggan air magi
  38 ice dragons
  4 hydras
  A hell beast (Pan)
  18 ogre magi
  10 rakshasas
  26 naga warriors
  5 monstrous demonspawn (Pan)
  41 two-headed ogres
  Harold (D:8)
  2 shambling mangroves (Abyss:3)
  3 alligator snapping turtles
  5 catoblepae
  6 merfolk avatars
  10 centaur warriors
  A hydra (shapeshifter) (Depths:5)
  3 satyrs
  11 anacondas
  34 dancing weapons
  3 merfolk aquamancers
  3 death knights
  The ghost of p0werm0de the Cleaver, a novice MiFi of Makhleb (D:7)
  14 death scarabs (Tomb:1)
  7 death yaks
  9 deep troll shamans
  An alligator (shapeshifter) (Elf:3)
  17 hell hogs
  6 tengu warriors
  7 deep troll earth magi
  4 thrashing horrors
  11 vampire magi
  6 orc high priests
  Urug (D:14)
  11 naga sharpshooters
  7 spriggan berserkers
  5 titan zombies
  8 storm dragon zombies
  9 titan skeletons
  Sonja (Lair:1)
  10 iron golems
  9 shock serpents
  114 skeletal warriors
  3 spriggans
  20 deep elf knights
  34 sun demons
  97 hell knights
  A fire crab (shapeshifter) (Vaults:3)
  30 shadow wraiths
  A spatial maelstrom (Abyss:2)
  3 salamander mystics
  35 soul eaters
  21 sixfirhies
  11 iron trolls
  8 wretched stars
  22 deep trolls
  9 anaconda zombies
  3 unseen horrors
  28 shadow demons
  A quicksilver dragon simulacrum (Crypt:1)
  9 storm dragon skeletons
  A spark wasp zombie (Crypt:2)
  2 golden dragon zombies
  A death drake (Zot:4)
  8 torturous demonspawn (Pan)
  14 sea snakes
  11 wizards
  A swamp dragon (shapeshifter) (Abyss:2)
  6 gelid demonspawn (Pan)
  7 glowing orange brains
  6 naga ritualists
  A tengu zombie (Depths:2)
  12 flayed ghosts
  20 starcursed masses
  8 shadow dragon zombies
  A kraken simulacrum (Hell)
  A harpy (shapeshifter) (Vaults:4)
  A lindwurm (shapeshifter) (Vaults:2)
  8 stone giant zombies
  5 infernal demonspawn (Pan)
  11 anaconda skeletons
  11 ironbrand convokers
  36 necromancers
  14 deep elf archers
  27 phantasmal warriors
  8 golden dragon skeletons
  14 harpies
  6 mana vipers
  13 orc knights
  An orb spider (shapeshifter) (Vaults:2)
  An oklob plant (Lair:5)
  4 frost giant zombies
  8 shadow dragon skeletons
  8 wolf spiders
  6 fire giant zombies
  A manticore (shapeshifter) (Vaults:5)
  3 shining eyes
  An orc sorcerer (Elf:3)
  32 ugly things
  11 salamanders
  4 wolf spider zombies
  72 deep elf magi
  9 manticores
  5 iron dragon zombies
  5 cyclopes
  5 worldbinders
  6 elephants (Lair:6)
  31 black mambas
  15 moths of wrath
  6 stone giant skeletons
  10 fauns
  10 fire giant skeletons
  2 shock serpent zombies
  2 centaur zombies
  29 rust devils
  7 iron dragon skeletons
  6 dire elephant zombies
  10 water nymphs
  2 titan simulacra
  Maurice (D:11)
  2 ice statues (IceCv)
  18 orange demons
  6 frost giant skeletons
  12 guardian serpents
  14 merfolk sirens
  27 smoke demons
  A spiny frog (shapeshifter) (Vaults:3)
  17 spiny frogs
  An eye of devastation (Slime:3)
  5 gargoyles
  25 naga magi
  14 vault sentinels
  A torpor snail (Lair:4)
  18 molten gargoyles
  3 storm dragon simulacra (Coc:7)
  A red draconian skeleton (Crypt:1)
  34 hellions
  5 dire elephant skeletons
  9 komodo dragons
  5 shock serpent skeletons
  2 kobold demonologists (D:13)
  4 anaconda simulacra
  A rime drake (Lair:6)
  31 tormentors
  21 freezing wraiths
  56 yaktaurs
  3 elf skeletons
  A white draconian zombie (Dis:5)
  31 ice devils
  8 efreet
  An emperor scorpion zombie (Tar:7)
  A yaktaur (shapeshifter) (Depths:1)
  20 hellwings
  11 demonic crawlers
  2 yaktaur skeletons
  10 tengu conjurers
  6 guardian mummies (Tomb:1)
  A catoblepas skeleton (Hell)
  6 ancient zymes (Abyss:2)
  4 silent spectres
  24 merfolk
  8 trolls
  3 harpy zombies
  A troll (shapeshifter) (Depths:1)
  10 human skeletons
  2 polar bears (Lair:6)
  2 meliai (shapeshifter)
  33 red devils
  14 hydra zombies
  A minotaur skeleton (Crypt:3)
  A sea snake skeleton (Crypt:2)
  A queen bee (Lair:2)
  7 hornets
  A blink frog (shapeshifter) (Vaults:4)
  5 hydra skeletons
  11 wind drakes
  3 spriggan zombies
  3 harpy skeletons
  10 hippogriffs
  99 slime creatures
  2 dream sheep (shapeshifter)
  11 dream sheep
  4 ice dragon zombies
  A meliai zombie (D:12)
  20 blink frogs
  Prince Ribbit (D:7)
  3 ettin zombies
  5 fire dragon zombies
  23 large abominations
  11 snapping turtles
  A frost giant simulacrum (Tomb:1)
  5 raiju
  A deep troll zombie (D:15)
  A hippogriff (shapeshifter) (Vaults:3)
  A snapping turtle (shapeshifter) (Depths:3)
  3 black mamba zombies
  A raiju (shapeshifter) (Vaults:3)
  2 bog bodies (Crypt:3)
  2 stone giant simulacra
  3 alligator zombies
  2 spriggans (shapeshifter)
  12 ice dragon skeletons
  3 air elementals
  99 flying skulls
  37 shadows
  An alligator skeleton (Geh:7)
  A dire elephant simulacrum (Coc:7)
  8 wyverns
  An elf zombie (Depths:3)
  36 wraiths
  A vampire (D:13)
  2 fire dragon skeletons
  8 ettin skeletons
  19 water elementals
  14 ynoxinuls
  A basilisk (shapeshifter) (Depths:4)
  A fire bat (shapeshifter) (Vaults:5)
  3 black mamba skeletons
  35 fire elementals
  5 golden eyes
  A basilisk (D:13)
  52 yaks
  15 humans (D:14)
  23 neqoxecs
  Grum (D:11)
  7 hungry ghosts
  13 chaos spawn
  11 vampire mosquitoes
  Menkaure (D:7)
  5 insubstantial wisps (Abyss:3)
  5 wargs
  71 nagas
  A water nymph zombie (Crypt:3)
  2 acid dragons
  A monstrous demonspawn zombie (Coc:4)
  2 spatial vortices (Abyss:2)
  14 small abominations
  17 spiny frog zombies
  9 porcupines
  9 water moccasins
  2 hydra simulacra
  41 hell hounds
  2 merfolk skeletons
  5 snapping turtle zombies
  6 phantoms
  3 spiny frog skeletons
  5 eyes of draining
  50 orc warriors
  5 sky beasts
  2 black bears
  29 necrophages
  14 ice beasts
  An ice dragon simulacrum (Abyss:2)
  39 ogres
  3 manticore zombies
  A swamp dragon zombie (Tar:7)
  4 snapping turtle skeletons
  14 boggarts
  A manticore skeleton (Crypt:3)
  10 wolves
  21 centaurs
  A swamp dragon skeleton (Geh:2)
  18 crocodiles
  Blork the orc (D:4)
  2 big kobolds
  17 bullfrogs
  A draconian skeleton (Crypt:1)
  6 earth elementals
  A gelid demonspawn simulacrum (Tomb:1)
  5 water moccasin zombies (Ossuary)
  4 wyvern skeletons
  7 scorpions
  A troll zombie (Tar:3)
  An elf simulacrum (Vaults:1)
  2 human simulacra
  28 killer bees
  A spriggan skeleton (Tar:2)
  A swamp dragon simulacrum (Coc:7)
  A troll skeleton (Coc:7)
  A howler monkey (shapeshifter) (Depths:4)
  73 wights
  3 electric eels
  22 crimson imps
  5 howler monkeys
  4 bullfrog zombies
  6 quasits
  A bullfrog skeleton (D:6)
  4 hounds
  7 jellies
  Crazy Yiuf (D:7)
  9 centaur skeletons
  A human zombie (Coc:7)
  32 orc priests
  6 iguanas
  30 iron imps
  Natasha (thrice) (D:4)
  24 orc wizards
  8 worker ants
  A spriggan simulacrum (Abyss:2)
  2 big kobold zombies (Ossuary)
  A bullfrog simulacrum (D:7)
  An ogre zombie (Crypt:3)
  2 crocodile skeletons
  2 naga skeletons
  A hound zombie (D:7)
  10 mummies
  2 worker ant zombies
  10 gnolls
  A scorpion zombie (Crypt:2)
  13 adders
  9 shadow imps
  24 white imps
  10 ufetubi
  7 oozes
  7 adder zombies
  An iguana zombie (Crypt:2)
  A lava snake zombie (Crypt:3)
  A worm (D:3)
  4 adder skeletons
  A lava snake skeleton (Crypt:1)
  A ball lightning (Pan)
  A dart slug (D:1)
  4 leopard geckos
  115 orcs
  A ball python (D:5)
  3 giant cockroaches
  7 goblins
  4 hobgoblins
  14 jackals
  12 kobolds
  2 quokkas
  A ball python zombie (Crypt:2)
  36 bats
  A dart slug zombie (Crypt:2)
  2 frilled lizards
  A gnoll zombie (Ossuary)
  4 hobgoblin zombies (Ossuary)
  A jackal skeleton (D:5)
  A kobold zombie (Ossuary)
  2 leopard gecko skeletons (D:6)
  A leopard gecko zombie (D:4)
  2 orc skeletons
  7 orc zombies
  2 quokka skeletons (D:6)
  9 rats
  A rat skeleton (Crypt:2)
  A rat zombie (Crypt:1)
  A butterfly (Lair:6)
  4 crawling corpses
  A demonic plant (Pan)
  5 fire vortices (Pan)
  9 fungi
  A lurking horror (Abyss:3)
  10 plants
  4 starspawn tentacles
  2 tentacles (Hell)
4743 creatures vanquished.

Vanquished Creatures (collateral kills)
  An acid blob (Slime:5)
  An azure jelly (Slime:5)
  A dream sheep (Lair:4)
  6 yaks (Lair:4)
  A killer bee (Lair:2)
  An orc wizard (D:8)
  2 orcs (D:8)
13 creatures vanquished.

Vanquished Creatures (others)
  Cerebov (Pan)
  A deep elf master archer (Elf:3)
  An eldritch tentacle (Geh:7)
  A reaper (IceCv)
  An elemental wellspring (Coc:7)
  An ogre mage (Depths:3)
  A yaktaur captain (Depths:2)
  2 merfolk aquamancers (Shoals:4)
  3 centaur warriors
  7 naga sharpshooters
  A shadow wraith (Vaults:4)
  A wizard (Pan)
  A sea snake (Shoals:4)
  A deep elf archer (Elf:1)
  A shadow demon (Pan)
  A mana viper (Snake:1)
  2 necromancers
  3 deep elf magi
  4 cyclopes (Vaults:2)
  2 fauns
  A molten gargoyle (Geh:7)
  A smoke demon (Pan)
  10 yaktaurs
  A hellwing (Pan)
  2 merfolk (Shoals:3)
  A hornet (Depths:4)
  A wyvern (Lair:2)
  An alligator skeleton (Hell)
  A human (D:14)
  2 fire elementals
  A chaos spawn (Pan)
  A naga (Snake:2)
  A manticore zombie (Geh:7)
  4 centaurs
  2 wights (Geh:6)
  A jelly (shapeshifter) (Vaults:5)
  2 white imps (IceCv)
  An ufetubus (IceCv)
  5 ball lightnings (Pan)
  7 orcs
  2 bushes (D:9)
  A demonic plant (Pan)
  3 fungi
  A lurking horror (Abyss:3)
  23 plants
  7 starspawn tentacles
  2 tentacles (Hell)
121 creatures vanquished.

Grand Total: 4877 creatures vanquished

Notes
Turn   | Place    | Note
-------+----------+-------------------------------------------
     0 | D:1      | Inarius the Hill Orc Fighter began the quest for the Orb.
     0 | D:1      | Reached XP level 1. HP: 19/19 MP: 1/1
    66 | D:1      | Reached XP level 2. HP: 24/27 MP: 2/2
   359 | D:1      | Reached XP level 3. HP: 32/33 MP: 3/3
   971 | D:2      | Reached XP level 4. HP: 32/40 MP: 4/4
  1145 | D:2      | Found a shattered altar of Ashenzari.
  1145 | D:2      | Found a hide-covered altar of Uskayaw.
  1150 | D:2      | Found a faded altar of an unknown god.
  1152 | D:2      | Found a glowing golden altar of the Shining One.
  1154 | D:2      | Found a faded altar of an unknown god.
  1157 | D:2      | Became a worshipper of Makhleb the Destroyer
  1157 | D:2      | Reached * piety under Makhleb
  1350 | D:3      | Found a shadowy altar of Dithmenos.
  1468 | D:3      | Found a shimmering altar of Xom.
  1591 | D:2      | Found a sparkling altar of Nemelex Xobeh.
  1698 | D:3      | Noticed a moth of wrath
  1716 | D:3      | Found a bloodstained altar of Trog.
  1975 | D:4      | Found a shimmering blue altar of Sif Muna.
  2119 | D:4      | Reached skill level 5 in Axes
  2119 | D:4      | Reached skill level 1 in Invocations
  2119 | D:4      | Reached XP level 5. HP: 33/46 MP: 5/5
  2407 | D:4      | Found a shadowy altar of Dithmenos.
  2538 | D:4      | Noticed Natasha
  2544 | D:4      | Killed Natasha
  2591 | D:4      | Noticed Blork the orc
  2801 | D:4      | Killed Blork the orc
  2801 | D:4      | Reached XP level 6. HP: 35/52 MP: 7/7
  2943 | D:4      | Noticed Natasha
  2954 | D:4      | Killed Natasha
  3112 | D:4      | Noticed Natasha
  3116 | D:4      | Killed Natasha
  3155 | D:5      | Entered Level 5 of the Dungeon
  3194 | D:5      | Reached skill level 1 in Evocations
  3266 | D:5      | Noticed a sky beast
  3355 | D:5      | Killed a sky beast
  3703 | D:5      | Reached XP level 7. HP: 59/59 MP: 8/8
  3825 | D:5      | Reached ** piety under Makhleb
  3825 | D:5      | Reached skill level 1 in Dodging
  4082 | D:5      | Found an iron altar of Okawaru.
  4147 | D:5      | Reached skill level 1 in Stealth
  4418 | D:5      | Reached XP level 8. HP: 55/67 MP: 10/10
  4507 | D:6      | Found Jozi's Book Shop.
  5293 | D:6      | Found a staircase to the Ecumenical Temple.
  5349 | D:7      | Reached skill level 10 in Axes
  5365 | D:7      | Noticed Menkaure
  5377 | D:7      | Killed Menkaure
  5377 | D:7      | Reached skill level 5 in Fighting
  5377 | D:7      | Reached skill level 5 in Armour
  5443 | D:7      | Reached *** piety under Makhleb
  5458 | D:7      | Reached XP level 9. HP: 48/74 MP: 12/12
  5534 | D:7      | Found a sand-covered staircase.
  5551 | Ossuary  | Entered an ossuary
  5732 | Ossuary  | Reached skill level 5 in Shields
  5918 | D:7      | Reached **** piety under Makhleb
  5979 | D:7      | Found a runed translucent gate.
  5979 | D:7      | Found a runed translucent gate.
  5979 | D:7      | Found a runed translucent gate.
  5979 | D:7      | Noticed p0werm0de's ghost (novice MiFi)
  6396 | D:7      | Noticed Prince Ribbit
  6401 | D:7      | Killed Prince Ribbit
  6401 | D:7      | Reached skill level 5 in Invocations
  6913 | D:7      | Found a runed translucent door.
  6914 | D:7      | Noticed Crazy Yiuf
  6924 | D:7      | Paralysed by Crazy Yiuf for 6 turns
  6945 | D:7      | Killed Crazy Yiuf
  7196 | D:8      | Found a radiant altar of Vehumet.
  7348 | D:8      | Found a hazy altar of Hepliaklqana.
  7688 | D:8      | Reached XP level 10. HP: 70/83 MP: 14/14
  7800 | D:8      | Noticed Harold
  7820 | D:8      | Killed Harold
  7934 | D:8      | Found an opulent altar of Gozag.
  8701 | D:9      | Found a snail-covered altar of Cheibriados.
  9000 | D:9      | Reached XP level 11. HP: 67/91 MP: 16/16
  9023 | D:9      | Found a staircase to the Lair.
  9183 | D:9      | Reached ***** piety under Makhleb
  9348 | D:9      | Reached skill level 15 in Axes
  9764 | D:10     | Entered Level 10 of the Dungeon
  9919 | D:10     | Noticed Josephine
  9944 | D:10     | Killed Josephine
 10051 | D:10     | Found a glowing silver altar of Zin.
 10070 | D:10     | Noticed a two-headed ogre
 10084 | D:10     | Killed a two-headed ogre
 10153 | D:10     | Identified a scroll of acquirement
 10178 | D:10     | Got an ichor-stained broad axe
 10179 | D:10     | Identified the +12 broad axe of a treasure trove {holy,
                  | Str+8} (You acquired it on level 10 of the Dungeon)
 10693 | D:11     | Noticed a white ugly thing
 10699 | D:11     | Killed a white ugly thing
 10755 | D:11     | Reached XP level 12. HP: 101/101 MP: 18/18
 10778 | D:11     | Noticed Maurice
 10795 | D:11     | Killed Maurice
 10949 | D:11     | Noticed Grum
 10963 | D:11     | Reached ****** piety under Makhleb
 10980 | D:11     | Killed Grum
 11077 | D:11     | Noticed a two-headed ogre
 11088 | D:11     | Killed a two-headed ogre
 11167 | Lair:1   | Entered Level 1 of the Lair of Beasts
 11181 | Lair:1   | Found a gate leading to a gauntlet.
 11188 | Gauntlet | Entered a Gauntlet
 11188 | Gauntlet | Found a transporter.
 11191 | Gauntlet | Found a transporter.
 11202 | Gauntlet | Noticed a cacodemon
 11208 | Gauntlet | Found a transporter.
 11209 | Gauntlet | Found a transporter.
 11216 | Gauntlet | Noticed a death yak
 11217 | Gauntlet | Noticed a death yak
 11217 | Gauntlet | Noticed a death yak
 11218 | Gauntlet | Noticed a death yak
 11224 | Gauntlet | Found a transporter.
 11238 | Gauntlet | Found a runed translucent gate.
 11239 | Gauntlet | Found a transporter.
 11239 | Gauntlet | Found a runed translucent gate.
 11242 | Gauntlet | Found a transporter.
 11246 | Gauntlet | Found a transporter.
 11254 | Gauntlet | Found a runed translucent gate.
 11267 | Gauntlet | Found a large runed translucent door.
 11267 | Gauntlet | Found a large runed translucent door.
 11268 | Gauntlet | Found a large runed translucent door.
 11269 | Gauntlet | Found a large runed translucent door.
 11270 | Gauntlet | Found a runed translucent gate.
 11271 | Gauntlet | Found a transporter.
 11271 | Gauntlet | Found a runed translucent gate.
 11271 | Gauntlet | Noticed a catoblepas
 11272 | Gauntlet | Found a runed translucent gate.
 11274 | Gauntlet | Found a large runed translucent door.
 11275 | Gauntlet | Found a large runed translucent door.
 11285 | Gauntlet | Found a large runed translucent door.
 11286 | Gauntlet | Found a large runed translucent door.
 11287 | Gauntlet | Found a large runed translucent door.
 11287 | Gauntlet | Found a large runed translucent door.
 11287 | Gauntlet | Found a runed translucent door.
 11287 | Gauntlet | Found a runed translucent door.
 11288 | Gauntlet | Found a large runed translucent door.
 11289 | Gauntlet | Found a large runed translucent door.
 11291 | Gauntlet | Found a transporter.
 11295 | Gauntlet | Found a transporter.
 11297 | Gauntlet | Noticed a cacodemon
 11298 | Gauntlet | Found a large runed translucent door.
 11298 | Gauntlet | Found a large runed translucent door.
 11298 | Gauntlet | Found a large runed translucent door.
 11303 | Gauntlet | Found a transporter.
 11331 | Gauntlet | Found a large runed translucent door.
 11362 | Gauntlet | Killed a cacodemon
 11422 | Gauntlet | Killed a catoblepas
 11425 | Gauntlet | Reached skill level 5 in Evocations
 11432 | Gauntlet | Got a pair of translucent boots
 11434 | Gauntlet | Got a pitted rapier
 11445 | Gauntlet | Identified the cursed +0 pair of boots "Kenechid" {rF+ rN+}
                  | (You found it in a Gauntlet)
 11454 | Gauntlet | Identified the ring of the Evening {Str+5 Dex+5}
 11454 | Gauntlet | Noticed a minotaur
 11462 | Gauntlet | Killed a minotaur
 11501 | Gauntlet | Identified the +2 rapier of Codi {speed, +Blink} (You found
                  | it in a Gauntlet)
 11699 | Lair:1   | Reached skill level 10 in Invocations
 11706 | Lair:1   | Found a runed translucent gate.
 11708 | Lair:1   | Noticed Sonja
 11719 | Lair:1   | Killed Sonja
 11723 | Lair:1   | Found a runed translucent gate.
 11758 | Lair:1   | Noticed a six-headed hydra
 11759 | Lair:1   | Noticed a death yak
 11759 | Lair:1   | a six-headed hydra changed into a death yak
 11770 | Lair:1   | Killed a death yak
 11785 | Lair:1   | Reached XP level 13. HP: 111/111 MP: 20/20
 11891 | Lair:1   | Found a runed translucent gate.
 11898 | Lair:1   | Noticed Taxzan's ghost (journeyman MiGl)
 13322 | Lair:2   | Killed Taxzan's ghost
 13549 | Lair:2   | Noticed Gastronok
 13643 | Lair:2   | Killed Gastronok
 13705 | Lair:3   | Reached skill level 10 in Fighting
 13801 | Lair:3   | Found a frozen archway.
 13861 | IceCv    | Entered an ice cave
 13945 | IceCv    | Killed a reaper
 14380 | Lair:3   | Found a staircase to the Shoals.
 14866 | Lair:4   | Reached XP level 14. HP: 122/122 MP: 22/22
 15016 | Lair:4   | Found a staircase to the Snake Pit.
 15588 | Lair:5   | Found a viscous altar of Jiyva.
 15588 | Lair:5   | Found a staircase to the Slime Pits.
 16006 | Lair:5   | You fall into a shaft and drop 1 floor!
 16006 | Lair:6   | Entered Level 6 of the Lair of Beasts
 16782 | Lair:6   | Reached XP level 15. HP: 132/132 MP: 24/24
 17049 | Lair:6   | Got a fine chain mail
 17650 | D:12     | Reached skill level 10 in Shields
 17823 | D:12     | Found a roughly hewn altar of Beogh.
 17823 | D:12     | Found a staircase to the Orcish Mines.
 17868 | Orc:1    | Entered Level 1 of the Orcish Mines
 18397 | Orc:2    | Entered Level 2 of the Orcish Mines
 18397 | Orc:2    | Found a staircase to the Elven Halls.
 19207 | Orc:2    | Found Jocuvinav's Magic Scroll Emporium.
 19210 | Orc:2    | Found Zufuymp's Antique Weapon Shoppe.
 19211 | Orc:2    | Found Xefutat's Book Emporium.
 19212 | Orc:2    | Found Naziecuw's Antique Armour Emporium.
 19218 | Orc:2    | Bought a faintly humming helmet for 342 gold pieces
 19219 | Orc:2    | Bought a scroll of fog for 28 gold pieces
 19219 | Orc:2    | Bought a scroll of identify for 28 gold pieces
 19219 | Orc:2    | Bought a scroll of identify for 28 gold pieces
 19219 | Orc:2    | Bought a scroll of identify for 28 gold pieces
 19219 | Orc:2    | Bought a scroll of identify for 28 gold pieces
 19219 | Orc:2    | Identified the +6 chain mail of Morality {*Contam +Blink
                  | Regen+ SInv} (You found it on level 6 of the Lair of
                  | Beasts)
 19220 | Orc:2    | Identified the +2 helmet of the Thoughtful Shrikes {rPois
                  | Regen+ Str-3 Int+5} (You bought it in a shop on level 2 of
                  | the Orcish Mines)
 19235 | Orc:2    | Bought a scroll of identify for 28 gold pieces
 20294 | D:13     | You fall into a shaft and drop 1 floor!
 20307 | D:14     | Noticed Urug
 20309 | D:14     | Noticed Rupert
 20326 | D:14     | Noticed Frances
 20329 | D:14     | Killed Rupert
 20336 | D:14     | Reached XP level 16. HP: 141/141 MP: 24/26
 20338 | D:14     | Killed Frances
 20342 | D:14     | Killed Urug
 20407 | D:14     | Upgraded the game from 0.24.0-13-gcf9b3192b9 to
                  | 0.24.0-28-g17ded55e90
 20526 | D:14     | Found a gate to the Vaults.
 20681 | D:13     | You fall into a shaft and drop 1 floor!
 21002 | D:13     | Found Lefich's Pet Rocks.
 21096 | D:13     | Found Qaviolom's Food Emporium.
 21486 | D:15     | Entered Level 15 of the Dungeon
 21491 | D:15     | Reached skill level 10 in Armour
 21607 | D:15     | Found a staircase to the Depths.
 22277 | Snake:1  | Entered Level 1 of the Snake Pit
 22277 | Snake:1  | Noticed Nikola
 22358 | Shoals:1 | Entered Level 1 of the Shoals
 22411 | Shoals:1 | Noticed Aizul
 22749 | Shoals:1 | Found a runed translucent door.
 23000 | Shoals:1 | Killed Aizul
 23365 | Shoals:2 | Reached skill level 10 in Evocations
 23550 | Shoals:2 | Reached XP level 17. HP: 82/151 MP: 7/27
 23569 | Shoals:2 | Gained mutation: You tend to lose your temper in combat. [a
                  | shining eye]
 23644 | Shoals:2 | Lost mutation: You tend to lose your temper in combat.
                  | [potion of mutation]
 23644 | Shoals:2 | Gained mutation: You are dopey. (Int -2) [potion of
                  | mutation]
 23644 | Shoals:2 | Gained mutation: Your flesh is cold resistant. (rC+)
                  | [potion of mutation]
 24283 | Shoals:3 | Found Puza's Food Shoppe.
 24584 | Shoals:4 | Entered Level 4 of the Shoals
 24948 | Shoals:4 | Identified Teolon's Disquisition on the Dark Rocks
 25568 | Shoals:4 | Got a barnacled rune of Zot
 25654 | Shoals:4 | Identified the amulet of Roiteufo {-Tele rN+ Regen+ Int+4}
 25664 | Shoals:4 | Reached skill level 15 in Invocations
 25870 | Shoals:4 | Got a crystal eveningstar
 25871 | Shoals:4 | Identified the +11 eveningstar "Hamejih" {speed, +Blink
                  | rElec Int+2} (You found it on level 4 of the Shoals)
 26285 | Lair:4   | Killed Nikola
 26316 | Snake:1  | Reached XP level 18. HP: 124/161 MP: 20/29
 27650 | Snake:2  | Found a transporter.
 27674 | Snake:2  | Identified Roxanne's Incunabulum of the Mountains
 27674 | Snake:2  | Noticed Roxanne
 27820 | Snake:2  | Found a transporter.
 27893 | Snake:2  | Reached skill level 15 in Fighting
 28269 | Snake:2  | Found the +8 lance "Wyrmbane" {slay drac, rPois rF+ rC+
                  | AC+3}
 28276 | Snake:2  | Identified the cursed ring of Uziweic {Str-3 Dex+2 Stlth+}
                  | (You found it on level 2 of the Snake Pit)
 28289 | Snake:2  | Got a sparkling steel amulet
 28578 | Snake:3  | Identified the amulet of Grace {RegenMP -Tele rElec rPois
                  | rN++} (You found it on level 2 of the Snake Pit)
 28748 | Snake:3  | Reached skill level 1 in Polearms
 28779 | Snake:4  | Entered Level 4 of the Snake Pit
 29207 | Snake:4  | Reached XP level 19. HP: 170/170 MP: 26/31
 29258 | Snake:4  | Noticed Louise
 29283 | Snake:4  | Killed Louise
 30318 | Snake:4  | Reached skill level 5 in Polearms
 30407 | Snake:4  | Reached skill level 15 in Shields
 30425 | Snake:4  | Got a serpentine rune of Zot
 30748 | D:7      | Killed p0werm0de's ghost
 30928 | Vaults:1 | Entered Level 1 of the Vaults
 30996 | Vaults:1 | Found Lajoer's Jewellery Emporium.
 31011 | Vaults:1 | Bought the ring of Cuoxel {rPois rF++ Str+4 Dex+2} for 1027
                  | gold pieces
 31183 | Vaults:1 | Reached XP level 20. HP: 182/182 MP: 30/32
 31479 | Vaults:1 | Got a crude brass amulet
 31577 | Vaults:1 | Found Muwkel Agam's Jewellery Emporium.
 31592 | Vaults:1 | Found Quxumeon's Magic Scroll Boutique.
 31598 | Vaults:1 | Bought a scroll of brand weapon for 360 gold pieces
 32485 | Vaults:2 | Found Taoris's General Store.
 32829 | Vaults:3 | Found Qaich's Magic Scroll Shop.
 32841 | Vaults:3 | Bought a scroll of enchant weapon for 142 gold pieces
 33054 | Vaults:3 | You fall into a shaft and drop 1 floor!
 33070 | Vaults:4 | Found a glowing silver altar of Zin.
 33353 | Vaults:3 | Found Vazxucon's Gadget Emporium.
 33418 | Vaults:3 | Reached XP level 21. HP: 192/192 MP: 30/33
 33423 | Vaults:3 | Found Qomoilod's Distillery.
 33436 | Vaults:3 | Bought 2 potions of heal wounds for 180 gold pieces
 33498 | Vaults:3 | Identified the amulet "Meuriuri" {Faith Str-5 Dex+2 Stlth+}
                  | (You found it on level 1 of the Vaults)
 33499 | Vaults:3 | Identified the +6 scale mail of the Pirate {-Tele rElec
                  | rC+} (You found it on level 3 of the Vaults)
 33581 | Vaults:3 | Found Gim Amol's Gadget Shoppe.
 34116 | Vaults:3 | Found a staircase to the Crypt.
 34116 | Vaults:3 | Found a basalt altar of Yredelemnul.
 34117 | Vaults:3 | Found an ancient bone altar of Kikubaaqudgha.
 35521 | Elf:1    | Entered Level 1 of the Elven Halls
 35537 | Elf:1    | Found a radiant altar of Vehumet.
 35629 | Elf:1    | Found Etufoif's Assorted Antiques.
 35643 | Elf:1    | Bought a wand of acid (10) for 208 gold pieces
 36191 | Elf:1    | Reached XP level 22. HP: 203/203 MP: 33/35
 36224 | Elf:1    | Identified the Catalogue of Confrontation
 36621 | Elf:2    | Found a runed translucent gate.
 36621 | Elf:2    | Found a runed translucent gate.
 36623 | Elf:2    | Found a runed translucent gate.
 36830 | Elf:2    | Found Viduz's Assorted Antiques.
 37127 | Elf:2    | Reached skill level 10 in Polearms
 37432 | Elf:3    | Entered Level 3 of the Elven Halls
 38336 | Elf:3    | Identified the cursed +0 shield "Rymnog" {Int+5}
 38688 | Elf:3    | Identified the cursed +1 war axe of Conversion {chop, +Rage
                  | rN+}
 38688 | Elf:3    | Identified the +0 leather armour of Lucidity {rC+ Stlth+}
 38747 | Elf:3    | Identified the +1 pair of gloves "Tutein" {-Cast +Fly Str+5
                  | SInv} (You found it on level 3 of the Elven Halls)
 38763 | Elf:3    | Identified the Compendium of Quantum Stones
 38765 | Elf:3    | Identified the Volume of Ice and Bewitchment
 39018 | Depths:1 | Entered Level 1 of the Depths
 39060 | Depths:1 | Reached XP level 23. HP: 212/212 MP: 31/36
 39094 | Depths:1 | Found a flickering gateway to a bazaar.
 39107 | Bazaar   | Entered a bazaar
 39134 | Bazaar   | Found Alel's Armour Emporium.
 39173 | Bazaar   | Found Yrcharchox's Book Shop.
 39194 | Bazaar   | Found Qaesiss's Book Emporium.
 39205 | Bazaar   | Found Tesit's Antique Weapon Shoppe.
 39234 | Bazaar   | Bought a manual of Axes for 1435 gold pieces
 39262 | Depths:1 | Found a one-way gate leading to the halls of Pandemonium.
 39303 | Depths:1 | Found a magical portal.
 39443 | WizLab   | Found the +9 staff of Wucad Mu {channel}
 39482 | WizLab   | Reached XP level 24. HP: 220/220 MP: 36/36
 39802 | Depths:1 | Found a gateway to a ziggurat.
 39821 | Depths:1 | Found Uteumaom's Weapon Boutique.
 40070 | Depths:1 | Found Joohufuf's Food Shoppe.
 40240 | Depths:1 | Found a gateway to Hell.
 40283 | Depths:1 | Found Qocoadet's Changing Room.
 40421 | Depths:2 | Noticed Mara
 40510 | Depths:2 | Noticed Inarius's illusion
 40576 | Depths:2 | Noticed Inarius's illusion
 40593 | Depths:2 | Killed Mara
 41141 | Depths:2 | Found a sacrificial altar of Ru.
 41652 | Depths:3 | Found a one-way gate to the infinite horrors of the Abyss.
 41763 | Depths:3 | Reached XP level 25. HP: 113/231 MP: 29/37
 42044 | Depths:3 | Identified the +0 pair of gloves "Hangem" {Dex+2} (You
                  | found it on level 3 of the Depths)
 42751 | Depths:4 | Reached skill level 27 in Axes
 42777 | Depths:4 | Found a runed translucent door.
 42798 | Depths:4 | Noticed a juggernaut
 42883 | Depths:4 | Killed a juggernaut
 43115 | Depths:4 | Found the +12 glaive of Prune {chop}
 43213 | Depths:4 | Reached XP level 26. HP: 228/242 MP: 23/37
 44281 | Depths:5 | Entered Level 5 of the Depths
 44571 | Depths:5 | Found a gate to the Realm of Zot.
 45769 | Crypt:1  | Entered Level 1 of the Crypt
 45895 | Crypt:1  | Reached XP level 27. HP: 254/254 MP: 37/37
 45993 | Crypt:1  | Reached skill level 15 in Armour
 45995 | Crypt:1  | Reached skill level 15 in Polearms
 47032 | Crypt:3  | Entered Level 3 of the Crypt
 47032 | Crypt:3  | Found a huge runed gate.
 47032 | Crypt:3  | Found a huge runed gate.
 47032 | Crypt:3  | Found a huge runed gate.
 47032 | Crypt:3  | Found a huge runed gate.
 47032 | Crypt:3  | Found a huge runed gate.
 47032 | Crypt:3  | Found a huge runed gate.
 47032 | Crypt:3  | Found a huge runed gate.
 47032 | Crypt:3  | Found a huge runed gate.
 47032 | Crypt:3  | Found a huge runed gate.
 47032 | Crypt:3  | Found a huge runed gate.
 47121 | Crypt:3  | Found a huge runed gate.
 47122 | Crypt:3  | Found a huge runed gate.
 47122 | Crypt:3  | Found a huge runed gate.
 47123 | Crypt:3  | Found a huge runed gate.
 47123 | Crypt:3  | Found a huge runed gate.
 47124 | Crypt:3  | Found a huge runed gate.
 47130 | Crypt:3  | Found a huge runed gate.
 47130 | Crypt:3  | Found a huge runed gate.
 47130 | Crypt:3  | Found a huge runed gate.
 47130 | Crypt:3  | Found a huge runed gate.
 47139 | Crypt:3  | Found a huge runed gate.
 47141 | Crypt:3  | Found a huge runed gate.
 47142 | Crypt:3  | Found a huge runed gate.
 47142 | Crypt:3  | Found a huge runed gate.
 47142 | Crypt:3  | Found a huge runed gate.
 47142 | Crypt:3  | Found a huge runed gate.
 47142 | Crypt:3  | Found a huge runed gate.
 47142 | Crypt:3  | Found a huge runed gate.
 47142 | Crypt:3  | Found a huge runed gate.
 47143 | Crypt:3  | Found a huge runed gate.
 47351 | Crypt:3  | Found a staircase to the Tomb.
 47649 | Crypt:3  | Found a basalt altar of Yredelemnul.
 47705 | Crypt:3  | Noticed an ancient lich
 47733 | Crypt:3  | Killed an ancient lich
 47745 | Crypt:3  | Got a vibrating amber ring
 47745 | Crypt:3  | Got a faintly glowing tin ring
 48270 | Crypt:3  | Identified the ring of the Worm {rF- rN+ Dex+8} (You found
                  | it on level 3 of the Crypt)
 48271 | Crypt:3  | Identified the ring "Izazot" {rC+ rN+ Str-4 Int+2 Slay+4}
                  | (You found it on level 3 of the Crypt)
 49022 | Vaults:5 | Entered Level 5 of the Vaults
 49063 | Vaults:5 | Identified the +6 rapier "Ejanups" {pierce, Str+7 Int-2}
 49127 | Vaults:5 | Identified the cursed +0 arbalest of the Sun {velocity,
                  | rC++ MR+ Int+4 Dex-2}
 49134 | Vaults:5 | Identified the ring "Irac" {rElec rN+ Stlth+}
 49463 | Vaults:5 | Identified the Incunabulum of Weightlessness and
                  | Augmentations
 49649 | Vaults:5 | Identified the +1 plate armour of Dice, Bag, and Bottle
                  | {MR+ Dex+2}
 49983 | Vaults:5 | Found Huxusket's Antique Armour Boutique.
 50220 | Vaults:5 | Got a silver rune of Zot
 50414 | Vaults:5 | Upgraded the game from 0.24.0-28-g17ded55e90 to
                  | 0.24.0-29-g8ce449bc06
 50670 | Zot:1    | Entered Level 1 of the Realm of Zot
 50853 | Zot:1    | Noticed an orb of fire
 50864 | Zot:1    | Gained mutation: You occasionally shout uncontrollably at
                  | your foes. [an orb of fire]
 50866 | Zot:1    | Killed an orb of fire
 51451 | Zot:2    | Identified the ring "Jas Gadd" {MR+ Str-4 Int+2 Dex+2 SInv}
                  | (You found it on level 2 of the Realm of Zot)
 53415 | Zot:4    | Identified the +4 dragonskin cloak
 53415 | Zot:4    | Noticed Tiamat
 53472 | Zot:4    | Killed Tiamat
 53541 | Zot:4    | Got a warped turquoise ring
 53542 | Zot:4    | Identified the ring "Lufar" {Int+2 Stlth+} (You found it on
                  | level 4 of the Realm of Zot)
 54956 | Slime:1  | Entered Level 1 of the Pits of Slime
 54984 | Slime:1  | Gained mutation: Your body sometimes deteriorates upon
                  | taking damage. [a shining eye]
 54999 | Slime:2  | Found a viscous altar of Jiyva.
 55270 | Slime:5  | Entered Level 5 of the Pits of Slime
 55459 | Slime:5  | Noticed the Royal Jelly
 55475 | Slime:5  | Killed the Royal Jelly
 55636 | Slime:5  | Got an ancient granite ring
 55637 | Slime:5  | Identified the ring "Zaamompi" {Str+5 Int+2} (You found it
                  | on level 5 of the Pits of Slime)
 55715 | Slime:5  | Identified the Tome of Transformation
 55728 | Slime:5  | Got a slimy rune of Zot
 55739 | Slime:5  | Identified the cursed +0 cloak "Vieckeg" {MP+9 Str+4} (You
                  | found it on level 5 of the Pits of Slime)
 56479 | Depths:3 | Voluntarily entered the Abyss.
 56479 | Abyss:1  | Found a corrupted altar of Lugonu.
 56795 | Abyss:2  | Reached skill level 1 in Spellcasting
 57252 | Abyss:2  | Identified the +1 ring mail of Inevitability {rF+ rC+ MP+9}
                  | (You found it on level 2 of the Abyss)
 57731 | Abyss:3  | Paralysed by accursed screaming for 1 turns
 57821 | Abyss:3  | Got an abyssal rune of Zot
 57871 | Depths:3 | Escaped the Abyss
 57918 | Hell     | Entered the Vestibule of Hell
 57923 | Hell     | Noticed Geryon
 57972 | Depths:3 | Reached skill level 5 in Spellcasting
 58111 | Hell     | Noticed Murray
 58205 | Depths:3 | Killed Murray
 58267 | Hell     | Reached skill level 27 in Shields
 58275 | Hell     | Reached skill level 27 in Fighting
 58351 | Hell     | Killed Geryon
 58498 | Vaults:1 | Bought the amulet of Piops {rC- rN+ MR+ Regen+ Str+2} for
                  | 528 gold pieces
 58666 | Hell     | Found a gateway to the Iron City of Dis.
 58726 | Hell     | Found a gateway to the freezing wastes of Cocytus.
 58767 | Hell     | Found a gateway to the decaying netherworld of Tartarus.
 58819 | Hell     | Found a gateway to the ashen valley of Gehenna.
 58970 | Geh:1    | Entered Level 1 of Gehenna
 59547 | Geh:4    | Cast into level 5 of the Abyss (the power of Zot)
 59547 | Abyss:5  | Entered Level 5 of the Abyss
 59547 | Abyss:5  | Found a corrupted altar of Lugonu.
 59577 | Geh:4    | Escaped the Abyss
 59678 | Geh:4    | Cast into level 3 of the Abyss (hell knight)
 59832 | Abyss:3  | Learned a level 8 spell: Ignition
 59844 | Abyss:3  | Noticed an ancient lich
 59854 | Abyss:3  | Killed an ancient lich
 59863 | Geh:4    | Escaped the Abyss
 59955 | Geh:5    | You fall into a shaft and drop 1 floor!
 60086 | Geh:7    | Entered Level 7 of Gehenna
 60259 | Geh:7    | Reached skill level 10 in Spellcasting
 60341 | Geh:7    | Noticed the Serpent of Hell
 60349 | Geh:7    | Killed the Serpent of Hell
 60349 | Geh:7    | Reached skill level 5 in Dodging
 60349 | Geh:7    | Reached skill level 27 in Invocations
 60466 | Geh:7    | Reached skill level 1 in Fire Magic
 60679 | Geh:7    | Identified the +7 sceptre of Asmodeus
 60679 | Geh:7    | Noticed Asmodeus
 60687 | Geh:7    | Killed Asmodeus
 60694 | Geh:7    | Got an obsidian rune of Zot
 60828 | Coc:1    | Entered Level 1 of Cocytus
 61051 | Coc:4    | Reached skill level 5 in Fire Magic
 61375 | Coc:7    | Entered Level 7 of Cocytus
 62239 | Coc:7    | Noticed Antaeus
 62652 | Coc:7    | Killed Antaeus
 62666 | Coc:7    | Got an icy rune of Zot
 62902 | Dis:1    | Entered Level 1 of the Iron City of Dis
 63607 | Dis:5    | Found a burning altar of Makhleb.
 63760 | Dis:6    | Reached skill level 10 in Fire Magic
 64008 | Dis:7    | Entered Level 7 of the Iron City of Dis
 64407 | Dis:7    | Identified the Incunabulum of Execration
 64410 | Dis:7    | Got a smoking brass ring
 64411 | Dis:7    | Identified the ring of Fragile Peace {*Slow +Blink rElec
                  | SInv Stlth+} (You found it on level 7 of the Iron City of
                  | Dis)
 64463 | Dis:7    | Got a twitching bone ring
 64464 | Dis:7    | Identified the ring "Tylaof" {rC+ MP+9} (You found it on
                  | level 7 of the Iron City of Dis)
 64760 | Dis:7    | Identified the +4 staff of Dispater
 64760 | Dis:7    | Noticed Dispater
 64787 | Dis:7    | Killed Dispater
 64800 | Dis:7    | Got an iron rune of Zot
 64817 | Dis:7    | Gained mutation: Armour fits poorly on your strangely
                  | shaped body. [a cacodemon]
 64903 | Dis:7    | Learned a level 8 spell: Necromutation
 65010 | Tar:1    | Entered Level 1 of Tartarus
 65034 | Tar:1    | Reached skill level 1 in Necromancy
 65052 | Tar:1    | Reached skill level 1 in Transmutations
 65121 | Tar:1    | Reached skill level 27 in Armour
 65313 | Tar:4    | Reached skill level 5 in Necromancy
 65792 | Tar:2    | Reached skill level 5 in Transmutations
 65805 | Tar:2    | Reached skill level 1 in Unarmed Combat
 65927 | Tar:2    | Gained mutation: You are frail. (-10% HP) [a neqoxec]
 65936 | Tar:2    | Lost mutation: Your flesh is cold resistant. (rC+) [potion
                  | of mutation]
 65936 | Tar:2    | Lost mutation: Armour fits poorly on your strangely shaped
                  | body. [potion of mutation]
 65936 | Tar:2    | Lost mutation: Your body sometimes deteriorates upon taking
                  | damage. [potion of mutation]
 65936 | Tar:2    | Lost mutation: You are frail. (-10% HP) [potion of
                  | mutation]
 65936 | Tar:2    | Gained mutation: Your body sometimes deteriorates upon
                  | taking damage. [potion of mutation]
 65936 | Tar:2    | Gained mutation: You have a pair of small horns on your
                  | head. [potion of mutation]
 65936 | Tar:2    | Lost mutation: You are dopey. (Int -2) [potion of mutation]
 65937 | Tar:2    | Lost mutation: You have a pair of small horns on your head.
                  | [potion of mutation]
 65937 | Tar:2    | Lost mutation: Your body sometimes deteriorates upon taking
                  | damage. [potion of mutation]
 65937 | Tar:2    | Lost mutation: You occasionally shout uncontrollably at
                  | your foes. [potion of mutation]
 65937 | Tar:2    | Gained mutation: You tend to lose your temper in combat.
                  | [potion of mutation]
 65937 | Tar:2    | Lost mutation: You tend to lose your temper in combat.
                  | [potion of mutation]
 65937 | Tar:2    | Gained mutation: Your mind is acute. (Int +2) [potion of
                  | mutation]
 66139 | Tar:7    | Entered Level 7 of Tartarus
 66292 | Tar:7    | Reached skill level 1 in Throwing
 66301 | Tar:7    | Identified the Incunabulum of Ice and Curses
 66566 | Tar:7    | Reached skill level 10 in Necromancy
 66869 | Tar:7    | Reached skill level 15 in Spellcasting
 66994 | Tar:7    | Noticed Ereshkigal
 67009 | Tar:7    | Killed Ereshkigal
 67051 | Tar:7    | Got a bone rune of Zot
 67163 | Tar:7    | Found the +8 whip "Snakebite" {curare, rPois}
 67397 | Pan      | Entered Pandemonium
 67598 | Pan      | Noticed Wanaff the pandemonium lord
 67605 | Pan      | Killed Wanaff the pandemonium lord
 67726 | Pan      | Reached skill level 10 in Transmutations
 67956 | Pan      | Gained mutation: You tend to lose your temper in combat. [a
                  | cacodemon]
 67958 | Pan      | Gained mutation: Your magical capacity is low. (-10% MP) [a
                  | cacodemon]
 67985 | Pan      | Noticed Ytupsustuho the pandemonium lord
 67994 | Pan      | Killed Ytupsustuho the pandemonium lord
 68002 | Pan      | Gained mutation: You are clumsy. (Dex -2) [a cacodemon]
 68205 | Pan      | Got a demonic rune of Zot
 68287 | Pan      | Lost mutation: Your mind is acute. (Int +2) [potion of
                  | mutation]
 68287 | Pan      | Lost mutation: You are clumsy. (Dex -2) [potion of
                  | mutation]
 68287 | Pan      | Lost mutation: You tend to lose your temper in combat.
                  | [potion of mutation]
 68287 | Pan      | Gained mutation: You are partially covered in large bone
                  | plates. (SH +4) [potion of mutation]
 68287 | Pan      | Gained mutation: Your system is resistant to poisons.
                  | (rPois) [potion of mutation]
 68287 | Pan      | Gained mutation: Your magical capacity is very low. (-20%
                  | MP) [potion of mutation]
 68287 | Pan      | Gained mutation: You are agile. (Dex +2) [potion of
                  | mutation]
 68383 | Pan      | Noticed Alouqemn the pandemonium lord
 68400 | Pan      | Killed Alouqemn the pandemonium lord
 68488 | Pan      | Identified the +7 short sword "Reasihimm" {pierce, rPois
                  | rC+ Str+2}
 68731 | Pan      | Entered the realm of Gloorx Vloq.
 69114 | Pan      | Noticed Gloorx Vloq
 69125 | Pan      | Killed Gloorx Vloq
 69146 | Pan      | Got a dark rune of Zot
 69460 | Pan      | Found a runed translucent door.
 69483 | Pan      | Noticed Teth the pandemonium lord
 69497 | Pan      | Killed Teth the pandemonium lord
 69497 | Pan      | Reached skill level 15 in Necromancy
 69715 | Pan      | Gained mutation: You are weak. (Str -2) [a cacodemon]
 69719 | Pan      | Lost mutation: You are weak. (Str -2) [a cacodemon]
 69901 | Pan      | Entered the realm of Lom Lobon.
 69971 | Pan      | Found an exit through the horrors of the Abyss.
 70359 | Pan      | Noticed Lom Lobon
 70376 | Pan      | Killed Lom Lobon
 70430 | Pan      | Got a magical rune of Zot
 70782 | Pan      | Entered the realm of Mnoleg.
 70849 | Pan      | Noticed Mnoleg
 70864 | Pan      | Killed Mnoleg
 70877 | Pan      | Lost mutation: You are agile. (Dex +2) [a cacodemon]
 70895 | Pan      | Got a glowing rune of Zot
 70942 | Pan      | Entered the realm of Cerebov.
 71120 | Pan      | Got a heavily runed brass ring
 71317 | Pan      | Identified the +5 great sword of Wondrous Power {venom,
                  | Fragile Int+5 Dex+3}
 71349 | Pan      | Identified the +6 sword of Cerebov {flame}
 71349 | Pan      | Noticed Cerebov
 71376 | Pan      | Killed Cerebov
 71414 | Pan      | Got a fiery rune of Zot
 71437 | Pan      | Identified the Reference Book on Black Magic
 71581 | Pan      | Identified the Guide on the Hurtful Rocks
 71677 | Pan      | Got a transparent platinum ring
 71678 | Pan      | Identified the ring "Eduog" {rPois Int+2} (You found it in
                  | Pandemonium)
 71680 | Pan      | Identified the ring "Sesokegi" {Ice rPois} (You found it in
                  | Pandemonium)
 71896 | Pan      | Gained mutation: You are weak. (Str -2) [a neqoxec]
 71898 | Pan      | Gained mutation: Your spells are a little easier to cast,
                  | but a little less powerful. [a neqoxec]
 71899 | Pan      | Noticed Issattebb the pandemonium lord
 71899 | Pan      | Gained mutation: You are occasionally teleported next to
                  | monsters. [a neqoxec]
 71901 | Pan      | Gained mutation: You are dopey. (Int -2) [a neqoxec]
 71902 | Pan      | Gained mutation: Armour fits poorly on your strangely
                  | shaped body. [a neqoxec]
 71905 | Pan      | Gained mutation: You are frail. (-10% HP) [a neqoxec]
 71918 | Pan      | Lost mutation: You are frail. (-10% HP) [potion of
                  | mutation]
 71918 | Pan      | Lost mutation: Armour fits poorly on your strangely shaped
                  | body. [potion of mutation]
 71918 | Pan      | Lost mutation: Your spells are a little easier to cast, but
                  | a little less powerful. [potion of mutation]
 71918 | Pan      | Gained mutation: You expend magic power (3 MP) to
                  | strengthen your wands. [potion of mutation]
 71918 | Pan      | Gained mutation: You have a pair of small horns on your
                  | head. [potion of mutation]
 71919 | Pan      | Lost mutation: You are weak. (Str -2) [potion of mutation]
 71919 | Pan      | Lost mutation: Your magical capacity is very low. (-20% MP)
                  | [potion of mutation]
 71919 | Pan      | Lost mutation: You are dopey. (Int -2) [potion of mutation]
 71919 | Pan      | Lost mutation: Your magical capacity is low. (-10% MP)
                  | [potion of mutation]
 71919 | Pan      | Lost mutation: You have a pair of small horns on your head.
                  | [potion of mutation]
 71919 | Pan      | Gained mutation: You are partially covered in slimy green
                  | scales. (AC +2) [potion of mutation]
 71919 | Pan      | Gained mutation: You are somewhat resistant to further
                  | mutation. [potion of mutation]
 72095 | Depths:5 | Escaped Pandemonium
 72483 | Tomb:1   | Entered Level 1 of the Tomb of the Ancients
 72581 | Tomb:1   | Paralysed by a sphinx for 5 turns
 72901 | Vaults:3 | Bought a potion of brilliance for 72 gold pieces
 73275 | Snake:2  | Killed Roxanne
 73993 | Tomb:1   | Noticed a greater mummy
 73994 | Tomb:1   | Noticed an ancient lich
 74007 | Tomb:1   | Noticed a greater mummy
 74012 | Tomb:1   | Killed a greater mummy
 74031 | Tomb:1   | HP: 1/271 [Hell Sentinel/iron shot[an ancient lich] (38)]
 74031 | Tomb:1   | Demolished by a death scarab

Levels and vault maps discovered:
D:1:      dpeg_arrival_renting, layout_basic, nrook_campfire
D:2:      layout_rooms, nicolae_overflow_hidden_temple,
          chequers_temple_overflow_minitemple, first_ration
D:3:      layout_basic, tgw_trog, lemuel_crystal_altar,
          grunt_dithmenos_smoke_and_mirrors
D:4:      layout_basic, kennysheep_mini, lemuel_crystal_altar,
          uniq_blork_the_orc, uniq_natasha
D:5:      minmay_clustersquares, layout_rooms, nicolae_overflow_crystal_walls
D:6:      layout_rooms, minmay_temple_entry_glassed_door, serial_shops, shop,
          serial_undead, serial_undead_c, serial_undead_e, serial_undead_b,
          serial_undead_f, serial_undead_a, serial_undead_d, serial_undead_f,
          serial_undead_e, minmay_misc_feat_iff
D:7:      layout_layer_cave, chequers_ossuary_entry_cave,
          gammafunk_ghost_necromancy, uniq_crazy_yiuf_cottage,
          uniq_prince_ribbit1, uniq_menkaure
D:8:      layout_loops_cross, kennysheep_little_box, marbit_many_paths,
          basic_altar, uniq_harold
D:9:      layout_long_grid, lemuel_coloured_pillars_altar,
          minmay_lair_entry_grove
D:10:     layout_gridville, basic_altar, uniq_josephine
D:11:     layout_roguey, uniq_maurice, uniq_grum
D:12:     layout_basic, david_orc_5
D:13:     layout_basic, serial_shops, shop_statue,
          hangedman_little_slice_of_home, st_stairs_10, guppyfry_shop_earth
D:14:     layout_rooms, david_vaults_3, uniq_frances
D:15:     gammafunk_depths_entry_grave, layout_small_grid,
          minmay_misc_feat_secret_circle, chequers_arboretum
Lair:1:   layout_loops_ring, gauntlet_entry_generic, gammafunk_ghost_split,
          uniq_sonja
Lair:2:   layout_long_grid, special_room [special_room_bee], grunt_megastairs_2,
          serial_bayou_shore_b, uniq_gastronok
Lair:3:   layout_loops_ring, minmay_shoals_entry_hut,
          portal_ice_cave_entry_ice_beasts, chequers_serial_rivers_micro_d
Lair:4:   layout_hall_layers, dummy_snake_entry
Lair:5:   layout_regular_city, slime_altar_1
Lair:6:   evilmike_catoblepas_cave, layout_big_grid, minmay_lair_oklob_chamber,
          lemuel_fruit_fields
Shoals:1: layout_shoals, lightli_airlock, uniq_aizul
Shoals:2: layout_shoals
Shoals:3: layout_shoals, serial_shops, shop,
          nicolae_shoals_stone_sculpture_thing, st_sunken_huts
Shoals:4: shoals_end_simple, layout_shoals
Snake:1:  layout_layer_cave, lemuel_fruit_tree, uniq_nikola
Snake:2:  gammafunk_its_a_trap, layout_basic, uniq_roxanne
Snake:3:  layout_rooms
Snake:4:  grunt_snake_rune_spirals, layout_onion_interference,
          serial_bayou_pond_b, guppyfry_snake_island, uniq_louise
Slime:1:  layout_caves
Slime:2:  layout_caves, basic_altar
Slime:3:  layout_caves
Slime:4:  layout_caves
Slime:5
Orc:1:    layout_diamond_mine, mines_bat_river
Orc:2:    st_orc_pillars, layout_caves
Elf:1:    eino_elf_arrival_altar, layout_loops_corners, serial_shops,
          nicolae_shop_statue_plus, minmay_elf_annihilation
Elf:2:    layout_geoelf_grid, serial_shops, nicolae_shop_stone,
          lemuel_flamethrower_1
Elf:3:    grunt_elf_hall_asides, layout_rooms
Vaults:1: v_rooms_2, layout_vaults_omnigrid, serial_shops, shop, shop_statue,
          shop_statue
Vaults:2: v_misc_28, vaults_mumra_hexcomb, nicolae_vaults_mini_display_case,
          v_misc_4, v_misc_27, v_misc_27, vaults_room_pool,
          nicolae_vaults_theta, layout_vaults_big_room, serial_shops, shop
Vaults:3: nicolae_vaults_alarming, minmay_crypt_entry_necro_gods,
          hangedman_vaults_cutoff, ontoclasm_vaults_bender, grunt_vaults_focal,
          v_misc_14, v_misc_28, vaults_room_stairs_pillars, v_misc_27,
          hangedman_vaults_trim, v_misc_10, vaults_room_door_ring,
          ontoclasm_vaults_ligature, layout_vaults_omnibox, serial_shops,
          shop_fountains, shop, shop_statue, nicolae_shop_crystal
Vaults:4: nicolae_vaults_little_ls, nicolae_vaults_network_periphery, st_eye,
          grunt_vaults_twisty, v_pattern_2, nicolae_vaults_little_squares_6,
          vaults_mumra_hex, v_alt_pattern_6, nicolae_vaults_little_squares_2,
          nicolae_vaults_big_ls, v_misc_25, vaults_room_pools,
          vaults_dpeg_hooks, v_misc_16, layout_vaults_ring, basic_altar
Vaults:5: serial_shops
Crypt:1:  layout_regular_city, grunt_crypt_arrival_split
Crypt:2:  layout_misc_corridors
Crypt:3:  church_of_pain_bobbens, layout_chaotic_city, st_stairs_11,
          minivault_24, minmay_misc_feat_cross, grunt_ministairs_2, door_vault
Tomb:1
Depths:1: layout_roguey, enter_ziggurat_c, serial_sigils,
          serial_sigils_hangedman_scratch, serial_sigils_hangedman_leer,
          serial_sigils_hangedman_gut, serial_sigils_hangedman_stare,
          serial_sigils_hangedman_gnaw, infiniplex_enter_wizlab_glasses,
          pan_entry, pf_coc_iceberg, serial_shops, bzr_entry_water, shop,
          shop_statue, minmay_misc_feat_rugged, nicolae_transmutations_shop,
          serial_sigils_hangedman_quiver, kennysheep_just_a_vault
Depths:2: minmay_the_grid_plus_closed [minmay_the_grid_odd_star,
          minmay_the_grid_slots, minmay_the_grid_broken_lines,
          minmay_the_grid_embedded, minmay_the_grid_prize_big_room],
          layout_cave_pools, chequers_serial_rivers_room_a,
          pf_vacation_house_of_asmodeus, lemuel_statue_altar, uniq_mara
Depths:3: grunt_x_marks_the_spot, layout_gridville, kennysheep_cross_room,
          abyss_entry_crystal, pan_entry, hell_entry
Depths:4: hangedman_box_tower, layout_cross, abyss_entry,
          chequers_serial_rivers_marsh, hell_entry, minmay_hidden_floor,
          infiniplex_staircase_zigzag_5, serial_bayou_shore_b
Depths:5: grunt_zot_entry_funnels, layout_basic, grunt_decor_cap,
          rand_demon_pan_entry_5, hell_entry, kennysheep_doodads,
          serial_bayou_shore_b
Hell
Dis:1:    layout_subdivisions
Dis:2:    layout_chaotic_city
Dis:3:    layout_overlapping_boxes
Dis:4:    lemuel_dis_dragons, layout_gridville
Dis:5:    kennysheep_iron_temple, layout_chaotic_city
Dis:6:    hangedman_dis_monolith, layout_regular_city
Dis:7:    iron_city_of_dis [dis_grunt, dis_wall_2], layout_chaotic_city
Geh:1:    layout_gehenna_lava_caves, nicolae_geh_single_fiery_grave
Geh:2:    layout_gehenna_pools_box
Geh:3:    layout_gehenna_pools_triple
Geh:4:    layout_gehenna_pools_box
Geh:5:    layout_gehenna_lava_caves
Geh:6:    layout_gehenna_lava_caves
Geh:7:    geh_old
Coc:1:    layout_ice_bergs
Coc:2:    layout_cocytus_water_paths
Coc:3:    layout_cocytus_water_paths
Coc:4:    layout_cocytus_water_paths
Coc:5:    layout_cocytus_water_paths
Coc:6:    layout_ice_bergs
Coc:7:    coc_old
Tar:1:    minmay_shadows, layout_catacombs, nicolae_tar_cuneiform_bird,
          nicolae_tar_cuneiform_city
Tar:2:    layout_grid_maze
Tar:3:    layout_catacombs
Tar:4:    layout_grid_maze
Tar:5:    layout_honeycomb
Tar:6:    layout_catacombs, nicolae_tar_cuneiform_water, door_vault
Tar:7:    tar_grunt_cathedral
Zot:1:    layout_onion
Zot:2:    lemuel_draconian_sentries_small, layout_twisted_circle
Zot:3:    layout_cathedral_of_symmetry
Zot:4:    kennysheep_room_grid, layout_basic, st_stairs_14,
          st_grand_hoard_of_tiamat

Skill      XL: |  1  2  3  4  5  6  7  8  9 10 11 12 13 14 15 16 17 18 19 20 21 22 23 24 25 26 27 |
---------------+----------------------------------------------------------------------------------+-----
Axes           | 3 4 5 6 8 10 12 14 16 18 19 20 21 22 23 24 25 27 | 27.0
Fighting       | 4 5 6 8 9 10 11 12 13 14 15 16 17 18 19 20 21 27 | 27.0
Invocations    | 1 2 3 4 6 7 9 10 11 12 13 14 15 16 17 18 19 20 21 27 | 27.0
Armour         | 4 5 6 7 8 9 10 11 12 13 14 27 | 27.0
Shields        | 4 5 6 7 8 9 10 11 12 13 15 16 17 18 19 20 21 27 | 27.0
Evocations     | 1 2 4 5 6 8 9 10 11 12 13 | 13.6
Dodging        | 1 2 6 |  6.2
Stealth        | 1 2 3 |  3.6
Polearms       | 2 5 7 9 10 11 12 13 14 19 | 19.2
Spellcasting   | 18 | 18.2
Fire Magic     | 11 | 11.6
Necromancy     | 16 | 16.9
Transmutations | 14 | 14.0
Unarmed Combat | 3 |  3.1
Throwing       | 2 |  2.6

Action                   |  1- 3 |  4- 6 |  7- 9 | 10-12 | 13-15 | 16-18 | 19-21 | 22-24 | 25-27 || total
-------------------------+-------+-------+-------+-------+-------+-------+-------+-------+-------++-------
Melee: War axe           |   106 |   172 |   481 |   439 |       |       |       |       |       ||  1198
       Broad axe         |       |       |       |   172 |   988 |  1118 |  1031 |   885 |  6128 || 10322
       Eveningstar       |       |       |       |       |       |   122 |    81 |       |       ||   203
       Lance             |       |       |       |       |       |    33 |    91 |    59 |   789 ||   972
       Unarmed           |       |       |       |       |       |       |       |       |     6 ||     6
 Cast: Necromutation     |       |       |       |       |       |       |       |       |     1 ||     1
Invok: Minor Destruction |       |       |     4 |    11 |       |       |       |       |       ||    15
 Abil: Evoke Berserk Rag |       |       |       |       |     1 |       |       |       |       ||     1
       Evoke Flight      |       |       |       |       |       |       |       |       |     3 ||     3
       Stop Flying       |       |       |       |       |       |       |       |       |     1 ||     1
Evoke: Wand              |       |       |     1 |    11 |    13 |    18 |       |     1 |    33 ||    77
       Lamp of fire      |       |       |       |       |     1 |       |       |       |       ||     1
  Use: Potion            |       |     1 |     2 |     4 |     1 |     2 |       |     3 |    23 ||    36
       Scroll            |       |       |    13 |    10 |    15 |    10 |    12 |     9 |    51 ||   120
 Stab: Invisible         |       |       |       |     4 |     5 |       |       |       |       ||     9
       Paralysed         |       |       |       |     3 |     3 |       |       |       |       ||     6
       Petrifying        |       |       |       |       |     3 |       |       |       |       ||     3
       Petrified         |       |       |       |       |     3 |       |       |       |       ||     3
       Distracted        |       |       |       |       |       |       |       |       |     7 ||     7
  Eat: Chunk             |       |     7 |    11 |    16 |    29 |    27 |    21 |    18 |    68 ||   197
       Ration            |       |     1 |     1 |       |       |     1 |     1 |       |    13 ||    17
Armor: Scale mail        |    60 |    79 |    51 |       |       |       |       |       |       ||   190
       Chain mail        |       |       |    45 |       |       |       |       |       |       ||    45
       Plate armour      |       |       |    96 |   201 |   285 |   438 |   226 |   225 |   952 ||  2423
       Gold dragon scale |       |       |       |       |       |       |       |       |  1215 ||  1215
Dodge: Dodged            |    38 |    48 |   104 |    95 |   171 |   214 |   112 |    97 |  1120 ||  1999
Block: Shield            |    63 |    67 |   203 |   250 |   610 |   707 |       |       |       ||  1900
       Reflection        |       |       |       |       |    45 |   161 |   170 |   118 |    47 ||   541
       Large shield      |       |       |       |       |       |   315 |  1144 |   918 |  7229 ||  9606
       Other             |       |       |       |       |       |       |     1 |       |       ||     1
